 Dungeon Crawl Stone Soup version 0.29-a0-334-gb41bcbb86e (webtiles) character file.

Game seed: 14772699330844908044

23 zishaf the Conjurer (level 3, -2/26 HPs)
             Began as a Human Wanderer on Apr 14, 2022.
             Slain by a gnoll
             ... wielding a +2 flail of protection
              (7 damage)
             ... on level 1 of the Dungeon.
             The game lasted 00:01:00 (1240 turns).

zishaf the Conjurer (Human Wanderer)                Turns: 1240, Time: 00:01:01

Health: -2/26      AC:  6    Str: 16    XL:     3   Next: 12%
Magic:  6/6        EV:  9    Int: 13    God:
Gold:   19         SH:  0    Dex:  9    Spells: 6/6 levels left

rFire   . . .      SeeInvis .   g - +0 short sword
rCold   . . .      Faith    .   (no shield)
rNeg    . . .      Spirit   .   c - +0 scale mail
rPois   .          Reflect  .   (no helmet)
rElec   .          Harm     .   (no cloak)
rCorr   .          Rampage  .   (no gloves)
Will    .....                   (no boots)
Stlth   ..........              (no amulet)
HPRegen 0.08/turn               (no ring)
MPRegen 0.10/turn               (no ring)

@: no status effects
A: no striking features
a: no special abilities


You were on level 1 of the Dungeon.
You visited 1 branch of the dungeon, and saw 1 of its levels.

You collected 19 gold pieces.

Inventory:

Hand Weapons
 a - a +0 club
 g - a +0 short sword (weapon)
Armour
 c - a +0 scale mail (worn)
Scrolls
 d - a scroll of acquirement {unknown}
 e - a scroll of identify {unknown}
 f - a scroll of holy word {unknown}
Potions
 b - a potion of invisibility


   Skills:
 + Level 1.6 Fighting
 + Level 2.7 Armour
 - Level 2.0 Spellcasting
 - Level 3.0 Conjurations
 - Level 2.0 Summonings
 - Level 1.0 Evocations


You had 6 spell levels left.
You didn't know any spells.
Your spell library contained the following spells:

 Spells                   Type           Power      Damage    Failure   Level
 Summon Small Mammal      Summ           24%        N/A       36%         1
 Foxfire                  Conj/Fire      20%        2x1d5     43%         1
 Static Discharge         Conj/Air       5%         N/A       58%         2
 Conjure Flame            Conj/Fire      5%         6-21      82%         3
 Summon Guardian Golem    Hex/Summ       3%         N/A       87%         3


Dungeon Overview and Level Annotations

Branches:
Dungeon (1/15)

Altars:


Message History

The dart slug is moderately wounded.
The dart slug closely misses you.
You hit the dart slug but do no damage.
The dart slug is moderately wounded.
The dart slug misses you.
You hit the dart slug.
The dart slug is severely wounded.
The dart slug barely misses you.
You hit the dart slug but do no damage.
The dart slug is severely wounded.
You hit the dart slug.
You kill the dart slug!
No target in view!
You now have 15 gold pieces (gained 10).
You now have 19 gold pieces (gained 4).
You open the door.
There is an open door here.
You open the door. You open the door.
There is an open door here.
A gnoll comes into view.
It is wielding a +2 flail of protection.
The gnoll shouts!
You hit the gnoll but do no damage.
The gnoll hits you with a +2 flail of protection.
You hit the gnoll but do no damage.
The gnoll hits you with a +2 flail of protection!
You are too injured to fight recklessly!
You hit the gnoll.
The gnoll is moderately wounded.
The gnoll hits you but does no damage.
You hit the gnoll.
The gnoll is heavily wounded.
The gnoll hits you with a +2 flail of protection.
* * * LOW HITPOINT WARNING * * *
You closely miss the gnoll.
The gnoll is heavily wounded.
The gnoll hits you with a +2 flail of protection.
* * * LOW HITPOINT WARNING * * *
The gnoll hits you with a +2 flail of protection!
You die...

# .........## ..........
....$..... .........#
.........# .........# #
.........# .#
......g@.#####.#
####+####......#
#.####......##
#....'........ ##########
######......#. .........#
###............ ########.#
#..............
#.....##'###'#............
#.........................


You could see a gnoll.

Vanquished Creatures
  2 dart slugs (D:1)
  3 ball pythons (D:1)
  An endoplasm (D:1)
  A giant cockroach (D:1)
  A goblin (D:1)
  2 hobgoblins (D:1)
  2 quokkas (D:1)
  A bat (D:1)
  2 frilled lizards (D:1)
  2 kobolds (D:1)
  2 rats (D:1)
19 creatures vanquished.

Notes
Turn   | Place    | Note
-------+----------+-------------------------------------------
     0 | D:1      | zishaf the Human Wanderer began the quest for the Orb.
     0 | D:1      | zishaf set off with the following items: a +0 club, a
                  | potion of invisibility, a +0 scale mail; and the following
                  | spells available to memorise: Summon Small Mammal, Foxfire,
                  | Static Discharge, Conjure Flame, Summon Guardian Golem
     0 | D:1      | Reached XP level 1. HP: 13/13 MP: 3/3
   303 | D:1      | Reached XP level 2. HP: 20/20 MP: 5/5
   326 | D:1      | Reached skill level 1 in Fighting
  1046 | D:1      | Reached XP level 3. HP: 21/26 MP: 6/6
  1240 | D:1      | Slain by a gnoll

Illustrated notes

Levels and vault maps discovered:
D:1:      dpeg_arrival_houses_and_road, layout_basic, st_stairs_14,
          minmay_distorted

Skill      XL: |  1  2 |
---------------+-------+-----
Fighting       | 1 |  1.6
Armour         | |  2.7
Spellcasting   | |  2.0
Conjurations   | |  3.0
Summonings     | |  2.0
Evocations     | |  1.0

Action                   || total
-------------------------++-------
Melee: Club              ||    90
       Short sword       ||    22
Armor: Scale mail        ||    62
Dodge: Dodged            ||    73

Table legend: (Time is in decaauts)
 A = Elapsed time spent in this place.
 B = Non-inter-level travel time spent in this place.
 C = Inter-level travel time spent in this place.
 D = Time resting spent in this place.
 E = Time spent auto-exploring this place.
 F = Levels seen in this place.
 G = Mean time per level.
                   A        B        C        D        E       F      G
               +--------+--------+--------+--------+--------+-----+--------+
         Total |   1268 |   1268 |      0 |      0 |   1073 |   1 | 1268.0 |
       Dungeon |   1268 |   1268 |      0 |      0 |   1073 |   1 | 1268.0 |
               +--------+--------+--------+--------+--------+-----+--------+

Top non-repeatable levels by time:
     D:1: 1268 daAuts
